 Dungeon Crawl Stone Soup version 0.21.0-3-g78d12a8 (webtiles) character file.

2730 MTVSty1e the Cleaver (level 9, 0/100 HPs)
             Began as a Demigod Gladiator on Jan 16, 2018.
             Slain by an orc (3 damage)
             ... on level 7 of the Dungeon.
             The game lasted 00:11:03 (5160 turns).

MTVSty1e the Cleaver (Demigod Gladiator)            Turns: 5160, Time: 00:11:04

Health: 0/100      AC: 24    Str: 32    XL:     9   Next: 17%
Magic:  11/11      EV:  2    Int: 12    God:
Gold:   452        SH:  0    Dex: 17    Spells: 8/8 levels left

rFire    . . .     SeeInvis .   a - +1 war axe
rCold    . . .     Gourm    .   (no shield)
rNeg     + + +     Faith    .   (armour currently unavailable)
rPois    +         Spirit   .   (helmet currently unavailable)
rElec    .         Reflect  .   (cloak currently unavailable)
rCorr    .         Harm     .   (gloves currently unavailable)
MR       .....     NoTele   +   (boots currently unavailable)
Stlth    ++........             (no amulet)
HPRegen  0.26/turn              j - +4 ring of strength
MPRegen  0.12/turn              k - +4 ring of evasion

@: mighty, tree-form
A: high mp 1
a: no special abilities


You were on level 7 of the Dungeon.
You were not hungry.
You were a tree.
You visited 1 branch of the dungeon, and saw 7 of its levels.

You collected 452 gold pieces.

Inventory:

Hand Weapons
 a - a +1 war axe (weapon)
 g - a cursed -3 flail
Missiles
 d - 3 throwing nets (quivered)
Armour
 c - a +1 cloak (melded)
 l - a +0 chain mail (melded)
 p - a +0 pair of gloves (melded)
 u - a +2 helmet (melded)
Jewellery
 e - an uncursed ring of flight
 j - a +4 ring of strength (left branch)
 k - a +4 ring of evasion (right branch)
 y - an uncursed ring of positive energy
Wands
 b - a wand of digging (16)
 m - a wand of iceblast (3)
 C - a wand of random effects (22)
Scrolls
 h - a scroll of enchant armour
 v - 2 scrolls of remove curse
 z - a scroll of blinking
 A - a scroll of amnesia
 D - a scroll of identify
Potions
 i - 2 potions of flight
 n - 2 potions of cancellation
 q - a potion of agility
 r - 3 potions of curing
 s - 2 potions of might
 t - 3 potions of resistance
 w - a potion of berserk rage
 B - a potion of invisibility
Books
 E - a book of Misfortune

   Spells                             Type                      Level
   a - Confusing Touch                Hexes                        1
   b - Confuse                        Hexes                        3
   c - Gell's Gravitas                Translocation                3
   d - Petrify                        Transmutation/Earth          4
   e - Metabolic Englaciation         Hexes/Ice                    5
   f - Yara's Violent Unravelling     Hexes/Transmutation          5
Comestibles
 f - 7 rations


   Skills:
 - Level 1.7 Fighting
 + Level 11.9 Axes
 - Level 1.7 Throwing
 - Level 2.6 Dodging


You had 8 spell levels left.
You didn't know any spells.

Dungeon Overview and Level Annotations

Branches:
Dungeon (7/15)             Temple (0/1) D:6

Shops:
D:5 ??:*   D:6 !


Innate Abilities, Weirdness & Mutations

You have an increased reservoir of magic. (+10% MP)


Message History

* * * LOW HITPOINT WARNING * * *
You closely miss the orc warrior.
The orc warrior is severely wounded.
The orc warrior completely misses you.
Your magical contamination has completely faded away.
You slice the orc warrior!!
You kill the orc warrior!
You closely miss something. Something hits you but does no damage.
You closely miss something.
You hear some strange, mumbled words.
A puff of flame appears from out of thin air!
Helpless, you fail to dodge the puff of flame.
You slash something! Something hits you but does no damage.
You slash something!
Reactivating autopickup.
You feel a bit more experienced.
You hit the orc.
The orc is heavily wounded.
The orc hits you.
You die...

.# #.##.Z.##.# .#
.####.##)o.##.# .#
......###.###.#
##.##### #######
#.###.#####oo.o...
#.......o..oo#
#####)#####.## #.#
#.# #.#####.#
#...♣oo.#
#########


You could see 2 orcs.

Vanquished Creatures
  Pikel (D:5)
  A slime creature (D:5)
  A hippogriff (D:7)
  The ghost of Suckerboh the Chucker, an amateur OgAM (D:4)
  2 orc warriors (D:7)
  2 phantoms (D:6)
  2 ogres
  A centaur (D:6)
  3 scorpions
  A wyvern skeleton (D:6)
  2 howler monkeys
  3 crimson imps
  A quasit (D:7)
  A bullfrog zombie (D:6)
  2 hounds
  A jelly (D:5)
  A bullfrog skeleton (D:5)
  4 orc wizards
  Natasha (thrice) (D:2)
  2 iguanas
  4 worker ants
  A hound skeleton (D:5)
  10 adders
  4 gnolls (D:7)
  2 shadow imps
  An adder zombie (D:5)
  3 worms
  6 dart slugs
  3 leopard geckos
  10 orcs
  9 bats
  7 giant cockroaches
  11 goblins
  3 hobgoblins
  9 jackals
  6 kobolds
  2 quokkas
  2 ball pythons
  3 frilled lizards
  A jackal skeleton (D:5)
  A leopard gecko skeleton (D:4)
  A leopard gecko zombie (D:6)
  6 rats
140 creatures vanquished.

Notes
Turn   | Place    | Note
-------+----------+-------------------------------------------
     0 | D:1      | MTVSty1e the Demigod Gladiator began the quest for the Orb.
     0 | D:1      | Reached XP level 1. HP: 17/17 MP: 3/3
    22 | D:1      | Reached skill level 3 in Axes
    44 | D:1      | Reached XP level 2. HP: 17/24 MP: 4/4
   532 | D:1      | Reached XP level 3. HP: 28/29 MP: 5/5
   564 | D:1      | Reached skill level 4 in Axes
  1137 | D:2      | Noticed Natasha
  1144 | D:2      | Killed Natasha
  1144 | D:2      | Reached XP level 4. HP: 12/36 MP: 6/6
  1552 | D:2      | Noticed Natasha
  1556 | D:2      | Killed Natasha
  1556 | D:2      | Reached skill level 5 in Axes
  1591 | D:2      | Noticed Natasha
  1598 | D:2      | Killed Natasha
  1617 | D:2      | Reached XP level 5. HP: 38/41 MP: 7/7
  2221 | D:3      | Reached skill level 6 in Axes
  2540 | D:4      | Found a radiant altar of Vehumet.
  2652 | D:4      | Reached XP level 6. HP: 48/48 MP: 8/8
  2737 | D:4      | Noticed Suckerboh's ghost (amateur OgAM)
  2768 | D:4      | Killed Suckerboh's ghost
  2768 | D:4      | Reached skill level 7 in Axes
  2881 | D:5      | Entered Level 5 of the Dungeon
  2921 | D:5      | Found Xistroath's Assorted Antiques.
  3055 | D:5      | Found Rokimimp's Book Shoppe.
  3098 | D:5      | Noticed a slime creature
  3104 | D:5      | Reached XP level 7. HP: 40/53 MP: 9/9
  3119 | D:5      | Killed a slime creature
  3119 | D:5      | Reached skill level 8 in Axes
  3392 | D:5      | Reached skill level 9 in Axes
  3723 | D:5      | Noticed Pikel
  3752 | D:5      | Killed Pikel
  3752 | D:5      | Reached skill level 10 in Axes
  3752 | D:5      | Reached XP level 8. HP: 54/60 MP: 10/10
  3783 | D:5      | Found Jusus's Magic Scroll Boutique.
  3885 | D:5      | Found Jucs's Magic Scroll Shop.
  4252 | D:6      | Found Laot's Distillery.
  4363 | D:6      | Reached skill level 11 in Axes
  4503 | D:6      | Found a staircase to the Ecumenical Temple.
  4946 | D:7      | Noticed a hippogriff
  4954 | D:7      | Killed a hippogriff
  4954 | D:7      | Reached XP level 9. HP: 63/67 MP: 11/11
  5149 | D:7      | HP: 3/100 [orc warrior/hand axe (4)]
  5152 | D:7      | HP: 1/100 [orc warrior/hand axe (2)]
  5160 | D:7      | Slain by an orc

Skill      XL: |  1  2  3  4  5  6  7  8 |
---------------+-------------------------+-----
Axes           | 3 4 5 6 7 10 11 | 11.9
Fighting       | |  1.7
Throwing       | |  1.7
Dodging        | |  2.6

Action                   |  1- 3 |  4- 6 |  7- 9 || total
-------------------------+-------+-------+-------++-------
Melee: War axe           |   133 |   159 |   278 ||   570
  Use: Potion            |     1 |     1 |     5 ||     7
       Scroll            |       |    15 |     4 ||    19
 Stab: Invisible         |       |       |     1 ||     1
  Eat: Chunk             |     1 |     3 |     1 ||     5
       Ration            |       |     1 |     2 ||     3
Armor: Leather armour    |     9 |       |       ||     9
       Chain mail        |    36 |    72 |   125 ||   233
       Ring mail         |     5 |       |       ||     5
       Skin              |       |       |     4 ||     4
Dodge: Dodged            |    98 |   101 |   170 ||   369
